 Dungeon Crawl Stone Soup version 0.29-a0-371-g91724d5b39 (webtiles) character file.

Game seed: 6591217078368958432

98 oldriver the Skirmisher (level 4, -3/39 HPs)
             Began as a Palentonga Abyssal Knight on May 3, 2022.
             Was a Priest of Lugonu.
             Killed by divine providence
             ... invoked by an orc priest
              (13 damage)
             ... on level 3 of the Dungeon.
             The game lasted 00:01:56 (2435 turns).

oldriver the Skirmisher (Palentonga Abyssal Knight) Turns: 2435, Time: 00:01:56

Health: -3/39      AC:  4    Str: 18    XL:     4   Next: 44%
Magic:  5/5        EV:  9    Int: 11    God:    Lugonu [***...]
Gold:   138        SH:  0    Dex: 10    Spells: 3/3 levels left

rFire   . . .      SeeInvis +   a - +1 hand axe
rCold   . . .      Faith    .   (no shield)
rNeg    . . .      Spirit   .   b - +0 leather armour
rPois   .          Reflect  .   (no helmet)
rElec   .          Harm     .   (no cloak)
rCorr   .          Rampage  .   (no gloves)
Will    .....                   (no barding)
Stlth   +.........              (no amulet)
HPRegen 0.13/turn               (no ring)
MPRegen 0.09/turn               (no ring)

@: no status effects
A: large, rugged brown scales 3, see invisible, deformed body, roll 1, armoured
tail
a: Rolling Charge, Renounce Religion, Depart the Abyss, Bend Space, Banish


You were on level 3 of the Dungeon.
You worshipped Lugonu.
Lugonu was most pleased with you.
You visited 1 branch of the dungeon, and saw 3 of its levels.
You visited the Abyss 1 time.

You collected 138 gold pieces.

Inventory:

Hand Weapons
 a - a +1 hand axe (weapon)
Armour
 b - a +0 leather armour (worn)
Jewellery
 f - a ring of protection from fire
 h - a ring of ice
Scrolls
 c - 2 scrolls of magic mapping {unknown}
 e - 2 scrolls of teleportation {unknown}
 i - 2 scrolls of identify {unknown}
 k - a scroll of brand weapon {unknown}
 l - a scroll of fog {unknown}
 o - a scroll of silence {unknown}
Potions
 d - 3 potions of curing {unknown}
 g - a potion of attraction {unknown}
 j - a potion of cancellation {unknown}
 m - a potion of lignification {unknown}
 n - 2 potions of flight {unknown}


   Skills:
 + Level 4.3 Fighting
 + Level 3.6 Axes
 - Level 1.5 Armour
 - Level 0.7 Dodging
 - Level 2.0 Invocations


You had 3 spell levels left.
You didn't know any spells.
Your spell library was empty.

Dungeon Overview and Level Annotations

Branches:
Dungeon (3/15)

Altars:


Innate Abilities, Weirdness & Mutations

You are completely covered in rugged brown scales. (AC +3, +7% HP)
You have supernaturally acute eyesight. (SInv)
Armour fits poorly on your strangely shaped body.
You can roll at nearby foes to attack.
You have a long armoured tail.


Message History

The orc shouts!
You hear a shout! x2
The orc completely misses you. The orc hits you with a +0 whip.
An orc comes into view. It is wielding a +0 war axe.
You barely miss the orc. You closely miss the orc.
The orc shouts!
The orc barely misses you.
An orc comes into view. It is wielding a +0 hand axe.
The orc hits you with a +0 whip.
You hit the orc but do no damage.
Your tail-slap misses the orc.
You hit the orc. The orc hits you with a +0 whip. x2
You hit the orc.
Your tail-slap misses the orc.
The orc is severely wounded.
You hit the orc. The orc hits you with a +0 whip. The orc closely misses you.
You closely miss the orc.
Your tail-slap misses the orc.
The orc is severely wounded.
You barely miss the orc. The orc barely misses you.
An orc priest comes into view. It is wielding a +0 war axe.
The orc hits you with a +0 whip.
The orc priest shouts!
You hit the orc.
You kill the orc!
Lugonu accepts your kill.
You barely miss the orc.
You hear a shout!
The orc hits you but does no damage.
The orc priest casts a cantrip, but nothing happens.
The orc completely misses you. The orc attacks as you move away!
The orc hits you with a +0 whip.
An orc priest comes into view. It is wielding a +0 mace.
The orc hits you with a +0 war axe!
You see here a purple potion.
The orc attacks as you move away! The orc closely misses you.
The orc attacks as you move away! The orc hits you with a +0 whip.
You see here a giant cockroach corpse.
The orc attacks as you move away! The orc barely misses you.
The orc attacks as you move away! The orc hits you with a +0 whip.
* * * LOW HITPOINT WARNING * * *
The orc priest mumbles some strange prayers to Beogh against you.
Beogh smites you!
You die...

...... #...# !...
......####.^.# .....
.............##....#
....#.)......).....#≈#
o....o.......#####.#≈####
.####.#!.....# .#≈#..
###.#o##...#####..≈.#
#...o.†o..........≈.#
.........ooo@.####..≈.
##....+######..##..####
##... #.....#...# #...
#<........# ....
#....)....# ....#
#....##...#
..######+)...##...#
#............#...#
##...........# ....


You could see an orc priest and 5 orcs.

Vanquished Creatures
  3 adders (D:2)
  A worm (D:2)
  3 dart slugs
  An orc (D:3)
  4 ball pythons
  7 endoplasms
  3 giant cockroaches
  5 goblins
  8 hobgoblins
  A quokka (D:2)
  6 bats
  2 frilled lizards
  9 kobolds
  6 rats (D:1)
59 creatures vanquished.

Vanquished Creatures (others)
  5 plants (D:1)
  4 toadstools (D:1)
9 creatures vanquished.

Grand Total: 68 creatures vanquished

Notes
Turn   | Place    | Note
-------+----------+-------------------------------------------
     0 | Abyss:1  | oldriver the Palentonga Abyssal Knight began the quest for
                  | the Orb.
     0 | Abyss:1  | Reached XP level 1. HP: 19/19 MP: 2/2
     0 | D:1      | Escaped the Abyss
    42 | D:1      | Reached ** piety under Lugonu
   228 | D:1      | Reached XP level 2. HP: 9/25 MP: 3/3
   918 | D:1      | Reached XP level 3. HP: 28/31 MP: 4/4
  1788 | D:2      | Reached skill level 4 in Fighting
  1788 | D:2      | Reached *** piety under Lugonu
  1789 | D:2      | Reached XP level 4. HP: 17/39 MP: 5/5
  2196 | D:2      | Found a faded altar of an unknown god.
  2435 | D:3      | Killed from afar by an orc priest

Illustrated notes

Levels and vault maps discovered:
D:1:      ldierk_walled_garden_2, layout_loops_ring, corexii_corridor_pit,
          corexii_corridor_pit, wad_floor_pattern_1, lexackson_kobold_supper
D:2:      minmay_recursive_quarters, layout_loops_ring,
          ebering_ecumenical_altar_mist
D:3:      layout_rooms, serial_rivers, chequers_serial_rivers_large_a,
          chequers_serial_rivers_large_b, chequers_serial_rivers_room_a,
          chequers_serial_rivers_micro_b, chequers_serial_rivers_small_b

Skill      XL: |  1  2  3 |
---------------+----------+-----
Axes           | 3 |  3.6
Fighting       | 4 |  4.3
Armour         | |  1.5
Dodging        | |  0.7
Invocations    | |  2.0

Action                   |  1- 3 |  4- 6 || total
-------------------------+-------+-------++-------
Melee: Hand axe          |   101 |    21 ||   122
       Tailslap          |     8 |     2 ||    10
       Punch             |       |     1 ||     1
Invok: Depart the Abyss  |     1 |       ||     1
 Abil: Rolling Charge    |    22 |     7 ||    29
Armor: Leather armour    |    34 |     2 ||    36
Dodge: Dodged            |    55 |     9 ||    64

Table legend: (Time is in decaauts)
 A = Elapsed time spent in this place.
 B = Non-inter-level travel time spent in this place.
 C = Inter-level travel time spent in this place.
 D = Time resting spent in this place.
 E = Time spent auto-exploring this place.
 F = Levels seen in this place.
 G = Mean time per level.
                   A        B        C        D        E       F      G
               +--------+--------+--------+--------+--------+-----+--------+
         Total |   2459 |   2380 |     79 |    189 |   1883 |   4 |  614.8 |
       Dungeon |   2459 |   2380 |     79 |    189 |   1883 |   3 |  819.7 |
         Abyss |      0 |      0 |      0 |      0 |      0 |   1 |    0.0 |
               +--------+--------+--------+--------+--------+-----+--------+

Top non-repeatable levels by time:
     D:1: 1262 daAuts
     D:2: 1130 daAuts
     D:3: 66 daAuts
